 Dungeon Crawl Stone Soup version 0.25-a0-424-g80bd347 (webtiles) character file.

Game seed: 9702146120608672161, levelgen mode: deterministic

609 15 the Firebug (level 7, 0/61 HPs)
             Began as a Tengu Fire Elementalist on Jan 9, 2020.
             Succumbed to a worker ant's poison
             ... on level 5 of the Dungeon on Jan 20, 2020.
             The game lasted 00:24:04 (4123 turns).

15 the Firebug (Tengu Fire Elementalist)            Turns: 4123, Time: 00:24:05

Health: 0/61       AC: 23    Str: 10    XL:     7   Next: 43%
Magic:  22/22      EV:  2    Int: 15    God:
Gold:   34         SH:  3    Dex: 15    Spells: 2/13 levels left

rFire    . . .     SeeInvis .   j - +1 dagger
rCold    . . .     Gourm    .   (no shield)
rNeg     + + +     Faith    .   (armour currently unavailable)
rPois    +         Spirit   .   (helmet currently unavailable)
rElec    .         Reflect  +   (cloak currently unavailable)
rCorr    .         Harm     .   (gloves currently unavailable)
MR       .....     Clarity  +   (boots unavailable) Stlth +++.......NoTele +
                                e - +3 amulet of reflection
HPRegen  0.20/turn              t - ring of magical power
MPRegen  0.18/turn              (no ring)

@: lethally poisoned (0 -> -8), tree-form (expiring)
A: clarity, robust 1, able to fly
a: Fly


You were on level 5 of the Dungeon.
You were not hungry.
You were a tree.
You visited 1 branch of the dungeon, and saw 5 of its levels.

You collected 226 gold pieces.
You spent 192 gold pieces at shops.

Inventory:

Hand Weapons
 b - a +0 war axe
 d - a +2 hunting sling of flaming
 j - a +1 dagger (weapon)
 k - a +3 spear
 y - a +0 scythe
Missiles
 f - 136 stones (quivered)
 w - 26 sling bullets
Armour
 s - a +2 robe of magic resistance (melded)
Jewellery
 e - a +3 amulet of reflection (around neck)
 t - a ring of magical power (left branch)
Wands
 p - a wand of flame (22)
Scrolls
 o - a scroll of fog {unknown}
 q - a scroll of blinking {unknown}
 r - 2 scrolls of remove curse {unknown}
 u - a scroll of random uselessness {unknown}
Potions
 h - a potion of brilliance
 i - a potion of ambrosia
 v - a potion of curing {unknown}
 z - a potion of heal wounds {unknown}
Comestibles
 c - 7 rations
 x - 2 chunks of flesh


   Skills:
 + Level 1.3 Fighting
 + Level 2.4 Short Blades
 + Level 0.1 Polearms
 + Level 1.0 Slings
 + Level 3.2 Dodging
 + Level 3.6 Stealth
 + Level 0.3 Unarmed Combat
 + Level 3.6 Spellcasting
 + Level 3.9 Conjurations
 + Level 5.2 Fire Magic


You had 2 spell levels left.
You knew the following spells:

 Your Spells              Type           Power        Failure   Level  Hunger
a - Foxfire               Conj/Fire      ###.         2%          1    None
b - Inner Flame           Hex/Fire       ##......     19%         3    ###....
c - Conjure Flame         Conj/Fire      ###.....     9%          3    ###....
d - Sticky Flame          Conj/Fire      ###.....     28%         4    ####...

Your spell library contained the following spells:

 Spells                   Type           Power        Failure   Level  Hunger
 Fireball                 Conj/Fire      ###.......   61%         5    ######.


Dungeon Overview and Level Annotations

Branches:
Dungeon (5/15)
 Temple: D:4-7

Altars:
Dithmenos
Elyvilon
Gozag
Makhleb
Nemelex Xobeh
Sif Muna
Wu Jian
Yredelemnul
Zin
The Shining One

Shops:
D:4 *   D:5 *


Innate Abilities, Weirdness & Mutations

((You have a beak for a mouth.))
((You have claws for feet.))
You can fly continuously.
((You are partially covered in icy blue scales. (AC +2)))
You possess an exceptional clarity of mind.
You are robust. (+10% HP)


Message History

The worker ant is lightly wounded.
* * * LOW HITPOINT WARNING * * *
You feel sick. The worker ant bites you.
* * * LOW HITPOINT WARNING * * *
You hit the worker ant but do no damage.
The worker ant is lightly wounded.
Your transformation is almost over.
* * * LOW HITPOINT WARNING * * *
You feel sick. You block the worker ant's attack.
You hit the worker ant but do no damage.
The worker ant is lightly wounded.
* * * LOW HITPOINT WARNING * * *
You feel sick. The worker ant bites you.
* * * LOW HITPOINT WARNING * * *
You hit the worker ant.
The worker ant is heavily wounded.
* * * LOW HITPOINT WARNING * * *
You feel sick. You block the worker ant's attack.
It was a potion of magic.
Magic courses through your body.
You die...

.............###..
##.###..<†.....[..
#.# #..)##....#.#
##.###.#.##......#
#......#.#####.###
..$####.######.#
#.# #....§....#
#.. #.#
#..####.#.# ###
#.# .% #♣#.# #.#
#.#a#.#
..##...#.####
#.......(....#
..........#.#.#
#.....#....#
..........##
......####. #.#.#.
#.


You could see a worker ant.

Vanquished Creatures
  Sigmund (D:5)
  An ice beast (D:5)
  An ogre (D:4)
  A howler monkey (D:4)
  An orc wizard (D:3)
  A hound skeleton (D:4)
  3 gnolls (D:5)
  4 adders
  A shadow imp (D:4)
  3 oozes
  An adder skeleton (D:4)
  An adder zombie (D:5)
  2 worms (D:2)
  A dart slug (D:1)
  A leopard gecko (D:3)
  6 orcs
  A ball python (D:1)
  5 bats
  5 giant cockroaches
  11 hobgoblins
  19 jackals
  6 kobolds
  A quokka (D:2)
  6 frilled lizards
  8 goblins
  A quokka skeleton (D:5)
  2 rats
94 creatures vanquished.

Vanquished Creatures (others)
  A quokka (D:4)
  181 foxfires
182 creatures vanquished.

Grand Total: 276 creatures vanquished

Notes
Turn   | Place    | Note
-------+----------+-------------------------------------------
     0 | D:1      | 15 the Tengu Fire Elementalist began the quest for the Orb.
     0 | D:1      | Reached XP level 1. HP: 10/10 MP: 4/4
    71 | D:1      | Upgraded the game from 0.25-a0-399-gcf1075a to
                  | 0.25-a0-403-g49d089a
    71 | D:1      | Upgraded the game from 0.25-a0-403-g49d089a to
                  | 0.25-a0-420-g1cc7eeb
    74 | D:1      | Reached XP level 2. HP: 15/15 MP: 1/6
   265 | D:1      | Found a sparkling altar of Nemelex Xobeh.
   381 | D:1      | Reached XP level 3. HP: 16/19 MP: 2/7
   397 | D:1      | Learned a level 3 spell: Inner Flame
   602 | D:1      | Reached skill level 4 in Fire Magic
  1130 | D:2      | Reached XP level 4. HP: 24/24 MP: 4/8
  1137 | D:2      | Learned a level 3 spell: Conjure Flame
  1150 | D:2      | Found a sparkling altar of Nemelex Xobeh.
  2216 | D:2      | Found an ornate altar of the Wu Jian Council.
  2216 | D:2      | Found a shimmering blue altar of Sif Muna.
  2221 | D:2      | Found a shadowy altar of Dithmenos.
  2223 | D:2      | Found a basalt altar of Yredelemnul.
  2225 | D:2      | Found a burning altar of Makhleb.
  2603 | D:3      | Gained mutation: You can fly continuously. [Tengu growth]
  2603 | D:3      | Reached XP level 5. HP: 28/28 MP: 6/10
  3019 | D:4      | Found an opulent altar of Gozag.
  3041 | D:4      | Reached skill level 1 in Short Blades
  3112 | D:4      | Upgraded the game from 0.25-a0-420-g1cc7eeb to
                  | 0.25-a0-424-g80bd347
  3207 | D:4      | Reached XP level 6. HP: 28/33 MP: 11/11
  3233 | D:4      | Reached skill level 1 in Slings
  3298 | D:4      | Learned a level 4 spell: Sticky Flame
  3306 | D:4      | Found a white marble altar of Elyvilon.
  3307 | D:4      | Found a glowing golden altar of the Shining One.
  3308 | D:4      | Found a glowing silver altar of Zin.
  3394 | D:4      | Found Odemoxaf's Assorted Antiques.
  3409 | D:4      | Bought a bubbling dark potion for 19 gold pieces
  3409 | D:4      | Bought a scroll labeled ONWAZIDOSH for 22 gold pieces
  3409 | D:4      | Bought a knobbly silver ring for 110 gold pieces
  3409 | D:4      | Bought a scroll labeled GAEPLUE FAOCUL for 22 gold pieces
  3409 | D:4      | Bought a lumpy red potion for 19 gold pieces
  3927 | D:5      | Entered Level 5 of the Dungeon
  3927 | D:5      | Noticed Sigmund
  3933 | D:5      | Killed Sigmund
  3933 | D:5      | Reached skill level 1 in Fighting
  3933 | D:5      | Reached skill level 5 in Fire Magic
  3933 | D:5      | Reached XP level 7. HP: 38/38 MP: 13/13
  3990 | D:5      | Found Waveem's Assorted Antiques.
  4111 | D:5      | Gained mutation: You are partially covered in icy blue
                  | scales. (AC +2) [potion of mutation]
  4111 | D:5      | Gained mutation: You are robust. (+10% HP) [potion of
                  | mutation]
  4111 | D:5      | Gained mutation: You possess an exceptional clarity of
                  | mind. [potion of mutation]
  4121 | D:5      | HP: 2/61 [worker ant (2)]
  4123 | D:5      | Succumbed to a worker ant's poison

Levels and vault maps discovered:
D:1:      co_arrival_square_in_a_square_in_a_square, layout_rooms, serial_bayou,
          serial_bayou_shore_b, serial_bayou_crossing, serial_bayou_ford_a,
          serial_bayou_pond_c, st_stairs_6, minmay_misc_feat_rugged,
          nemelex_diamond_rough_becter
D:2:      layout_rooms, nemelex_xobeh_ov_fountains_minmay,
          chequers_temple_overflow_minitemple, serial_co_window_serial,
          co_window_of_opportunity_a, co_window_cross_1, co_window_paths_b,
          co_window_of_opportunity_a, co_window_cross_1, co_window_paths_a,
          co_window_corner_a, co_window_corner_b, co_window_corner_b,
          co_window_unsneaky_path_d, co_window_cross_2, co_window_paths_d,
          co_window_sun, glass_columns_b, glass_columns_a, glass_columns_a,
          patterned_corridor
D:3:      layout_loops_ring
D:4:      layout_loops_corners, good_gods_temple_1, serial_glass,
          glass_columns_c, glass_columns_a, glass_columns_b, glass_columns_c,
          first_ration, serial_shops, nicolae_shop_overgrown_old_shop,
          nicolae_gozag_cash_rules_everything_around_me
D:5:      layout_loops_ring, serial_shops, nicolae_shop_trees,
          gammafunk_ghost_hive, uniq_sigmund, uniq_edmund, uniq_menkaure,
          uniq_ijyb, uniq_grinder

Skill      XL: |  1  2  3  4  5  6 |
---------------+-------------------+-----
Fire Magic     | 4 5 |  5.2
Conjurations   | 2 3 |  3.9
Short Blades   | 1 2 |  2.4
Dodging        | 3 |  3.2
Spellcasting   | 3 |  3.6
Slings         | 1 |  1.0
Fighting       | 1 |  1.3
Stealth        | 3 |  3.6
Polearms       | |  0.1
Unarmed Combat | |  0.3

Action                   |  1- 3 |  4- 6 |  7- 9 || total
-------------------------+-------+-------+-------++-------
Melee: Unarmed           |    16 |       |       ||    16
       Kick              |    14 |    19 |       ||    33
       Spear             |    13 |       |       ||    13
       Peck              |     6 |     8 |       ||    14
       Dagger            |    35 |    74 |    17 ||   126
       Short sword       |       |     5 |       ||     5
 Fire: Hunting sling     |       |    13 |       ||    13
 Cast: Foxfire           |    53 |    66 |    20 ||   139
       Inner Flame       |     1 |       |       ||     1
       Conjure Flame     |       |     5 |       ||     5
       Sticky Flame      |       |     1 |       ||     1
Evoke: Wand              |       |       |     1 ||     1
  Use: Scroll            |     1 |     6 |       ||     7
       Potion            |     1 |       |     4 ||     5
 Stab: Sleeping          |       |     5 |       ||     5
  Eat: Chunk             |     2 |    10 |     1 ||    13
Armor: Robe              |    10 |     8 |     2 ||    20
       Skin              |       |       |     6 ||     6
Dodge: Dodged            |    33 |    41 |     6 ||    80
Block: Other             |    11 |    11 |     2 ||    24
       Reflection        |     1 |       |       ||     1

Table legend:
 A = Non-vault XP
 B = Vault XP
 C = Vault XP percentage of total XP
 D = Non-vault monster count
 E = Vault monster count
 F = Vault count percentage of total count
                 A         B        C        D         E       F
            +---------+---------+-------+---------+---------+-------
      Total |     642 |     229 |  26.3 |      92 |       2 |   2.1
            +---------+---------+-------+---------+---------+-------
        D:1 |      55 |       2 |   3.5 |      30 |       1 |   3.2
        D:2 |      95 |       0 |   0.0 |      24 |       0 |   0.0
        D:3 |      65 |       0 |   0.0 |      15 |       0 |   0.0
        D:4 |     250 |       0 |   0.0 |      17 |       0 |   0.0
        D:5 |     177 |     227 |  56.2 |       6 |       1 |  14.3
            +---------+---------+-------+---------+---------+-------
